 Dungeon Crawl Stone Soup version 0.16.0-17-g811c1d7 (webtiles) character file.

88 MDvedh the Chucker (level 4, 0/23 HPs)
             Began as a Vine Stalker Hunter on Mar 22, 2015.
             Slain by a gnoll
             ... wielding a +0 halberd
              (9 damage)
             ... on level 2 of the Dungeon.
             The game lasted 00:02:37 (1363 turns).

MDvedh the Chucker (Vine Stalker Hunter)            Turns: 1363, Time: 00:02:37

Health: 0/23       AC:  7    Str: 15    XL:     4   Next: 54%
Magic:  0/5        EV: 11    Int: 11    God:
Gold:   58         SH:  0    Dex: 15    Spells: 0 memorised, 3 levels left

rFire  . . .     SeeInvis .     a - +0 short sword
rCold  . . .     Clarity  .     l - +0 ring mail
rNeg   . . .     SustAb   .     (no shield)
rPois  .         Gourm    .     (no helmet)
rElec  .         Spirit   +     r - +1 cloak
rCorr  .         Warding  .     (no gloves)
rMut   .         Stasis   .     (no boots)
MR     .....                    (no amulet)
Stlth  +.........               (no ring)
                                (no ring)

@: not resistant to hostile enchantments, very unstealthy
A: fangs 2, regeneration 1, magic shield, antimagic bite, no device heal 3, rot
immunity
a: no special abilities


You were on level 2 of the Dungeon.
You were not hungry.

You visited 1 branch of the dungeon, and saw 2 of its levels.

You collected 58 gold pieces.

Inventory:

Hand weapons
 a - a +0 short sword (weapon)
Missiles
 b - 5 javelins (quivered)
 c - 2 throwing nets
 q - 2 javelins of returning
Armour
 l - a +0 ring mail (worn)
 r - a +1 cloak (worn)
Jewellery
 u - an uncursed ring of positive energy {unknown}
Magical devices
 o - a wand of slowing (26)
Scrolls
 d - 2 scrolls of teleportation {unknown}
 h - a scroll of remove curse {unknown}
 i - a scroll of identify {unknown}
 j - 2 scrolls of fear {unknown}
 k - a scroll of recharging {unknown}
 p - a scroll of blinking {unknown}
 v - a scroll of noise {unknown}
Potions
 e - 5 potions of curing {unknown}
 g - a potion of heal wounds {unknown}
 m - a potion of invisibility {unknown}
 n - 2 potions of agility {unknown}
 t - a potion of degeneration {unknown}
Comestibles
 f - 2 bread rations
 s - a chunk of flesh


   Skills:
 - Level 1.7 Fighting
 + Level 3.6 Short Blades
 - Level 3.6 Throwing
 - Level 1.5 Dodging
 - Level 1.2 Stealth


You had 3 spell levels left.
You didn't know any spells.

Dungeon Overview and Level Annotations

Branches:
Dungeon (2/15)

Altars:
Cheibriados


Innate Abilities, Weirdness & Mutations

You have extremely sharp teeth.
Your natural rate of healing is unusually fast.
When hurt, damage is shared between your health and your magic reserves.
Your bite disrupts and absorbs the magic of your enemies.
Potions and wands cannot restore your health.
You are immune to rotting.


Message History

The gnoll hits you from afar with a halberd!
The gnoll hits you but does no damage.
You hit the gnoll.
The gnoll is moderately wounded.
The gnoll barely misses you.
You barely miss the gnoll. Your bite misses the gnoll.
The gnoll is moderately wounded.
The gnoll hits you from afar with a halberd.
The gnoll hits you but does no damage. The gnoll hits you with a spear.
* * * LOW HITPOINT WARNING * * *
You are too injured to fight recklessly!
Unknown command.
The gnoll barely misses you.
Unknown command.
The gnoll barely misses you. The gnoll hits you but does no damage.
The gnoll hits you from afar with a halberd!
Unknown command.
The gnoll hits you from afar with a halberd!
You die...

### #.####........
##.###.####..#####.
###....[..........##. ....
#....###.####..##.##. .....
##.#### #.......##.##. .....
#.....# #######....... ....
#..##.# ####.### ...# #.÷.#.#
####.### ...# #####..##@#
##......# ...#
#.........########.......#
...#####..##..g.g.......#..##.#.#
..........##...gg#......#..##....
........................#..#..###
..........#.#...##......#.....#..
...#####................#.....#).
...# ###....##############..'..
...# ##÷.## #.##########)##..


You could see 4 gnolls.

Vanquished Creatures
  Crazy Yiuf (D:2)
  Robin (D:2)
  An adder (D:2)
  An ooze (D:1)
  2 ball pythons
  9 goblins
  6 hobgoblins
  2 jackals (D:1)
  3 bats (D:1)
  2 giant cockroaches
  A giant gecko (D:1)
  3 giant newts
  7 kobolds
  A quokka (D:2)
  4 rats (D:1)
44 creatures vanquished.

Notes
Turn   | Place    | Note
--------------------------------------------------------------
     0 | D:1      | MDvedh, the Vine Stalker Hunter, began the quest for the Orb.
     0 | D:1      | Reached XP level 1. HP: 11/11 MP: 1/1
    36 | D:1      | Reached skill level 1 in Short Blades
    95 | D:1      | Reached XP level 2. HP: 5/15 MP: 3/3
   687 | D:1      | Reached XP level 3. HP: 16/18 MP: 4/4
   793 | D:2      | Found a snail-covered altar of Cheibriados.
  1029 | D:2      | Noticed Crazy Yiuf
  1039 | D:2      | Killed Crazy Yiuf
  1039 | D:2      | Reached XP level 4. HP: 18/23 MP: 3/5
  1121 | D:2      | Noticed Robin
  1158 | D:2      | Killed Robin
  1363 | D:2      | Slain by a gnoll

Action                   |  1- 3 |  4- 6 || total
-------------------------+-------+-------++-------
Melee: Short sword       |    80 |    36 ||   116
Throw: Javelin           |     5 |       ||     5
  Eat: Chunk             |       |     2 ||     2
